 Dungeon Crawl Stone Soup version 0.29.0-4-gdea44cf6ec (webtiles) character file.

Game seed: 9810707309764214458

1970 sanka the Nimble (level 9, -1/68 HPs)
             Began as a Barachi Transmuter on Aug 27, 2022.
             Was an Initiate of Okawaru.
             Killed by divine providence
             ... invoked by an orc priest
              (12 damage)
             ... on level 6 of the Dungeon.
             The game lasted 00:09:05 (5703 turns).

sanka the Nimble (Barachi Transmuter)               Turns: 5703, Time: 00:09:06

Health: -1/68      AC:  8    Str: 15    XL:     9   Next: 20%
Magic:  13/13      EV: 15    Int: 11    God:    Okawaru [......]
Gold:   315        SH:  0    Dex: 12    Spells: 6/14 levels left

rFire   . . .      SeeInvis +   n - +8 sling "Ruorhoagg" {venom, Int-4 SInv Stlth+}
rCold   + . .      Faith    .   (no shield)
rNeg    . . .      Spirit   .   m - +2 robe {rC+}
rPois   +          Reflect  .   z - +0 helmet
rElec   .          Harm     .   o - scarf {repulsion}
rCorr   .          Rampage  .   B - +0 pair of gloves
Will    .....                   w - +1 pair of boots {Stlth+}
Stlth   +++.......              (no amulet)
HPRegen 0.21/turn               (no ring)
MPRegen 0.13/turn               i - ring of poison resistance

@: weakened, wereblooded (expiring), repel missiles, slow
A: amphibious, slowness 1, strong legs 1, +LOS
a: Hop, Renounce Religion


You were on level 6 of the Dungeon.
You worshipped Okawaru.
Okawaru was noncommittal.
You visited 2 branches of the dungeon, and saw 7 of its levels.

You collected 315 gold pieces.


Innate Abilities, Weirdness & Mutations

You are amphibious.
You cover ground slowly.
You can hop short distances.
You have an extended range of vision and can be seen from far away.


   Skills:
 - Level 5.0 Fighting
 + Level 8.7 Dodging
 - Level 6.0 Unarmed Combat
 - Level 3.0 Spellcasting
 - Level 6.0 Transmutations
 - Level 3.0 Poison Magic


You had 6 spell levels left.
You knew the following spells:

 Your Spells              Type           Power      Damage    Failure   Level
u - Poisonous Vapours     Pois/Air       10%        N/A       22%         2
x - Spider Form           Tmut/Pois      11%        N/A       12%         3
y - Wereblood             Tmut           14%        N/A       3%          2
z - Beastly Appendage     Tmut           28%        N/A       2%          1

Your spell library contained the following spells:

 Spells                   Type           Power      Damage    Failure   Level
 Sting                    Tmut/Pois      44%        1d5       4%          1
 Ice Form                 Ice/Tmut       8%         N/A       58%         4
 Olgreb's Toxic Radiance  Pois           8%         N/A       58%         4
 Gell's Gravitas          Tloc           1%         N/A       61%         3
 Teleport Other           Tloc           1%         N/A       61%         3
 Dispersal                Tloc           0%         N/A       100%        6

Inventory:

Hand Weapons
 n - the +8 sling "Ruorhoagg" (weapon) {venom, Int-4 SInv Stlth+} Any ammunition fired from it poisons the flesh of those it strikes. Int: It affects your intelligence (-4). SInv: It lets you see invisible. Stlth: It makes you more stealthy.
 y - a +0 lajatang
Armour
 m - a +2 robe of cold resistance (worn)
 o - a scarf of repulsion (worn)
 w - a +1 pair of boots of stealth (worn)
 z - a +0 helmet (worn)
 B - a +0 pair of gloves (worn)
Magical Staves
 e - a staff of air
 h - a staff of earth
Jewellery
 i - a ring of poison resistance (right hand)
Scrolls
 a - a scroll of poison {unknown}
 f - 2 scrolls of enchant armour
 g - 2 scrolls of amnesia
 p - 2 scrolls of teleportation {@r4}
 q - a scroll of silence {unknown}
 r - a scroll of magic mapping {unknown}
 t - a scroll of torment {unknown}
 v - a scroll of vulnerability {unknown}
 x - a scroll of noise {unknown}
Potions
 b - 3 potions of lignification {!q}
 c - 2 potions of flight {unknown}
 d - 3 potions of curing {unknown}
 j - a potion of mutation {unknown}
 l - a potion of attraction {unknown}
 s - a potion of brilliance {unknown}
 u - a potion of might {unknown}
 A - a potion of degeneration {unknown}

Dungeon Overview and Level Annotations

Branches:
Dungeon (6/15)             Temple (1/1) D:6

Altars:
Ashenzari
Cheibriados
Elyvilon
Hepliaklqana
Kikubaaqudgha
Makhleb
Okawaru
Qazlal
Sif Muna
Trog
Uskayaw
Wu Jian
Xom
Yredelemnul
The Shining One

... ..o .. .g▒
▒£▒▒..▒ ....▒
▒▒▒▒▒.g▒ ▒..▒▒?.▒ .▒
▒▒..▒..▒
....▒▒▒▒▒▒▒▒▒▒g▒..▒▒
▒ ▒.....▒...Foo....▒
. ▒....o▒▒).........
▒
▒..▒▒.......n......
▒.▒.
▒.▒▒▒▒▒▒▒▒▒▒▒......
▒ ▒....▒▒▒▒▒.▒
▒...▒▒ ▒........▒
▒...▒ ▒.▒▒▒..▒▒▒
▒..▒ ▒...▒ ▒..
▒.▒.▒▒▒▒


You could see a necrophage, an orc priest, an orc wizard (invisible), a gnoll
(swift) and an orc.


Message History

The orc priest hits you but does no damage.
The gnoll bouda closely misses you.
You shoot a sling bullet.
The sling bullet barely misses the gnoll bouda.
The sling bullet hits the gnoll!
The gnoll is poisoned.
The gnoll is almost dead.
Your primal bloodlust is almost over.
You kill the gnoll bouda!
Okawaru accepts your kill.
The gnoll hits you from afar with a +0 halberd.
* * * LOW HITPOINT WARNING * * *
The gnoll barely misses you.
The orc priest hits you but does no damage.
You shoot a sling bullet. The sling bullet hits the gnoll.
You kill the gnoll!
Okawaru accepts your kill. The gnoll barely misses you.
The orc priest misses you.
Unknown command.
Unknown command.
Fire: n) +8 sling "Ruorhoagg" {venom, Int-4 SInv Stlth+}
Aim: an orc priest, wielding a +0 flail and wearing a +0 ring mail (73% to hit)
You shoot a sling bullet.
The sling bullet barely misses the orc priest.
The gnoll barely misses you.
The orc priest invokes the aid of Beogh against you.
Beogh smites you!
You die...

Action                   |  1- 3 |  4- 6 |  7- 9 || total
-------------------------+-------+-------+-------++-------
Melee: Unarmed           |    52 |    48 |       ||   100
       Kick              |    13 |     4 |       ||    17
       Headbutt          |     6 |     3 |       ||     9
       Punch             |       |     1 |       ||     1
 Fire: Sling             |       |    44 |   152 ||   196
 Cast: Beastly Appendage |    21 |     4 |       ||    25
       Spider Form       |     1 |     7 |       ||     8
       Wereblood         |       |       |     4 ||     4
 Abil: End Transformatio |       |     2 |       ||     2
  Use: Scroll            |       |       |     3 ||     3
 Stab: Sleeping          |     1 |       |       ||     1
Armor: Robe              |     6 |     1 |    32 ||    39
       Skin              |       |     1 |       ||     1
Dodge: Dodged            |    33 |    39 |    97 ||   169
       Repelled          |       |       |     1 ||     1

Levels and vault maps discovered:
D:1:      saegor_arrival_simple_e, layout_basic,
          shapermc_ecumenical_altar_notcrosses, st_stairs_13, minivault_23
D:2:      layout_basic, minmay_3d_cube, uniq_sigmund, uniq_natasha
D:3:      layout_basic, worldfamousw_hep_ancestral_shrine
D:4:      layout_cave_pods
D:5:      layout_basic, uniq_grinder
D:6:      layout_rooms, grunt_temple_overflow_gold_and_silver,
          minmay_temple_entry_wispy
Temple:   nicolae_temple_great_sept

Notes
Turn   | Place    | Note
-------+----------+-------------------------------------------
     0 | D:1      | sanka the Barachi Transmuter began the quest for the Orb.
     0 | D:1      | Reached XP level 1. HP: 15/15 MP: 3/3
   156 | D:1      | Found a faded altar of an unknown god.
   466 | D:1      | Reached XP level 2. HP: 20/21 MP: 3/5
   471 | D:1      | Learned a level 2 spell: Wereblood
   498 | D:1      | Reached skill level 3 in Transmutations
  1140 | D:2      | Reached XP level 3. HP: 26/26 MP: 4/6
  1169 | D:2      | Learned a level 3 spell: Spider Form
  1283 | D:2      | Reached skill level 4 in Transmutations
  1286 | D:2      | Noticed Sigmund
  1404 | D:2      | Killed Sigmund
  1405 | D:2      | Reached skill level 3 in Spellcasting
  1405 | D:2      | Reached skill level 5 in Transmutations
  1405 | D:2      | Reached skill level 3 in Poison Magic
  1405 | D:2      | Reached XP level 4. HP: 32/32 MP: 4/8
  1405 | D:2      | Reached XP level 5. HP: 37/37 MP: 4/9
  1495 | D:2      | Noticed Natasha
  1499 | D:2      | Killed Natasha
  1500 | D:2      | Reached XP level 6. HP: 43/43 MP: 6/10
  1710 | D:2      | Noticed Natasha
  1719 | D:2      | Killed Natasha
  1920 | D:2      | Noticed Natasha
  1931 | D:2      | Killed Natasha
  1932 | D:2      | Reached skill level 6 in Transmutations
  2450 | D:3      | Identified the +8 sling "Ruorhoagg" {venom, Int-4 SInv
                  | Stlth+}
  2535 | D:3      | Learned a level 2 spell: Poisonous Vapours
  2673 | D:3      | Found a hazy altar of Hepliaklqana.
  3375 | D:4      | Reached skill level 4 in Unarmed Combat
  3754 | D:4      | Noticed a black bear
  3761 | D:4      | Killed a black bear
  3762 | D:4      | Reached skill level 2 in Fighting
  3762 | D:4      | Reached XP level 7. HP: 45/51 MP: 11/11
  4129 | D:5      | Entered Level 5 of the Dungeon
  4188 | D:5      | Reached skill level 3 in Fighting
  4210 | D:5      | Reached skill level 3 in Dodging
  4210 | D:5      | Reached skill level 5 in Unarmed Combat
  4289 | D:5      | Noticed Grinder
  4290 | D:5      | Paralysed by Grinder for 2 turns
  4299 | D:5      | Killed Grinder
  4300 | D:5      | Reached skill level 4 in Fighting
  4300 | D:5      | Reached XP level 8. HP: 53/60 MP: 12/12
  4475 | D:5      | Reached skill level 4 in Dodging
  4631 | D:5      | Reached skill level 5 in Fighting
  4631 | D:5      | Reached skill level 6 in Unarmed Combat
  4855 | D:5      | Reached skill level 5 in Dodging
  5135 | D:5      | Reached skill level 6 in Dodging
  5181 | D:6      | Found a staircase to the Ecumenical Temple.
  5418 | D:6      | Reached skill level 7 in Dodging
  5432 | Temple   | Entered the Ecumenical Temple
  5512 | Temple   | Became a worshipper of Warmaster Okawaru
  5604 | D:6      | Reached XP level 9. HP: 68/68 MP: 13/13
  5620 | D:6      | Reached skill level 8 in Dodging
  5703 | D:6      | Killed from afar by an orc priest

Vanquished Creatures
  Grinder (D:5)
  Sigmund (D:2)
  2 black bears
  2 ice beasts (D:5)
  2 sky beasts
  A water moccasin (D:6)
  A centaur (D:6)
  A phantom (D:5)
  2 scorpions
  3 hounds (D:5)
  A jelly (D:6)
  2 orc priests (D:5)
  A gnoll bouda (D:6)
  3 iguanas
  Natasha (thrice) (D:2)
  3 orc wizards
  6 gnolls
  9 adders
  A worm (D:3)
  2 dart slugs
  22 orcs
  6 ball pythons
  2 bats
  2 endoplasms
  2 giant cockroaches (D:3)
  12 goblins
  5 hobgoblins
  3 quokkas
  2 frilled lizards
  5 kobolds
  4 rats
112 creatures vanquished.
